General information
- name: BNet
- type: Ladder team game (AT/RT)
- host: Battle.net
- saver: M.ata
map: SunrockCove
- players: 6
- length: 79:39
- speed: Fast
- version: 1.21 W3XP
- replay type: Public
» download(379 KB)
Players
team 1 (loser)
assurancetourix (
pink | 30 APM | 2424 actions | 79:37)
5 Blademaster
2 Wind Walk
3 Critical Strike
4 Tauren Chieftain
2 War Stomp
2 Endurance Aura
» actions
| Basic commands | 123 | |
| Build / train | 108 | |
| Enter build submenu | 20 | |
| Enter hero's abilities submenu | 10 | |
| Give item / drop item | 2 | |
| Right click | 1144 | |
| Select / deselect | 894 | |
| Use ability | 123 | |
2424 total
» units
| Peon | 11 | |
| Grunt | 4 | |
| Demolisher | 23 | |
| Kodo Beast | 3 | |
| Raider | 14 | |
| Tauren | 2 | |
| Troll Batrider | 15 | |
| Wind Rider | 9 | |
| Goblin Zeppelin | 1 | |
82 total
» upgrades
| Pillage | 1 | |
| Melee Weapons | 2 | |
| Ensnare | 1 | |
| Burning Oil | 1 | |
| Pulverize | 1 | |
| Ranged Weapons | 1 | |
| Liquid Fire | 1 | |
| War Drums Damage Increase | 1 | |
9 total
» buildings
| Altar of Storms | 1 | |
| Orc Burrow | 6 | |
| Barracks | 2 | |
| Voodoo Lounge | 1 | |
| War Mill | 1 | |
| Stronghold | 1 | |
| Watch Tower | 1 | |
| Beastiary | 2 | |
| Fortress | 1 | |
| Tauren Totem | 1 | |
| Great Hall | 2 | |
19 total
» build order
00:12 Altar of Storms
00:17 Orc Burrow
00:41 Barracks
01:37 Orc Burrow
01:47 Voodoo Lounge
04:00 War Mill
04:30 Stronghold
05:22 Orc Burrow
05:33 Watch Tower
07:18 Beastiary
07:58 Orc Burrow
08:50 Orc Burrow
12:10 Fortress
12:59 Barracks
17:01 Tauren Totem
22:13 Orc Burrow
27:08 Great Hall
38:41 Great Hall
55:13 Beastiary
» items
| Boots of Speed | 1 | |
| Healing Salve | 1 | |
| Orb of Lightning | 1 | |
| Potion of Lesser Invulnerability | 1 | |
4 total
bopokiller (
teal | 28 APM | 2135 actions | 75:51)
4 Priestess of the Moon
2 Trueshot Aura
2 Searing Arrows
1 Demon Hunter
1 Mana Burn
» actions
| Basic commands | 2 | |
| Build / train | 78 | |
| Enter build submenu | 25 | |
| Enter hero's abilities submenu | 5 | |
| Remove unit from queue | 4 | |
| Right click | 1379 | |
| Select / deselect | 580 | |
| Use ability | 62 | |
2135 total
» units
| Wisp | 22 | |
| Huntress | 4 | |
| Chimaera | 15 | |
| Hippogryph | 10 | |
| Archer | 4 | |
| Goblin Zeppelin | 1 | |
56 total
» upgrades
| Corrosive Breath | 1 | |
| Reinforced Hides | 3 | |
| Strength of the Wild | 3 | |
| Hippogryph Taming | 1 | |
8 total
» buildings
| Altar of Elders | 1 | |
| Moon Well | 8 | |
| Hunter's Hall | 1 | |
| Ancient of War | 2 | |
| Tree of Ages | 1 | |
| Tree of Life | 5 | |
| Tree of Eternity | 1 | |
| Ancient of Wind | 2 | |
| Chimaera Roost | 3 | |
24 total
» build order
00:10 Altar of Elders
00:14 Moon Well
01:19 Hunter's Hall
01:43 Ancient of War
02:07 Ancient of War
03:03 Moon Well
03:15 Moon Well
03:45 Tree of Ages
05:51 Tree of Life
06:01 Moon Well
06:22 Tree of Eternity
07:48 Ancient of Wind
09:02 Chimaera Roost
09:13 Chimaera Roost
09:23 Chimaera Roost
11:56 Moon Well
12:00 Moon Well
12:03 Moon Well
18:36 Moon Well
23:03 Ancient of Wind
32:17 Tree of Life
49:55 Tree of Life
66:06 Tree of Life
66:13 Tree of Life
» items
| Periapt of Vitality | 1 | |
| Scroll of Healing | 1 | |
2 total
killl-er (
purple | 36 APM | 2570 actions | 70:28)
3 Demon Hunter
2 Mana Burn
1 Immolation
3 Keeper of the Grove
2 Entangling Roots
1 Thorns Aura
» actions
| Basic commands | 6 | |
| Build / train | 63 | |
| Enter build submenu | 22 | |
| Enter hero's abilities submenu | 6 | |
| Remove unit from queue | 10 | |
| Right click | 1772 | |
| Select / deselect | 609 | |
| Use ability | 82 | |
2570 total
» units
| Wisp | 12 | |
| Huntress | 5 | |
| Dryad | 5 | |
| Druid of the Claw | 1 | |
| Glaive Thrower | 2 | |
| Hippogryph | 5 | |
30 total
» upgrades
| Moon Armor | 2 | |
| Reinforced Hides | 3 | |
| Strength of the Wild | 4 | |
| Abolish Magic | 1 | |
| Druid of the Claw Training | 2 | |
| Vorpal Blades | 1 | |
13 total
» buildings
| Moon Well | 8 | |
| Altar of Elders | 1 | |
| Hunter's Hall | 1 | |
| Ancient of War | 1 | |
| Tree of Ages | 1 | |
| Ancient of Lore | 2 | |
| Tree of Eternity | 1 | |
| Tree of Life | 3 | |
| Ancient of Wind | 2 | |
20 total
» build order
00:10 Moon Well
00:13 Altar of Elders
01:02 Hunter's Hall
01:39 Ancient of War
02:00 Moon Well
03:15 Moon Well
03:19 Tree of Ages
04:08 Moon Well
06:16 Ancient of Lore
06:23 Ancient of Lore
08:03 Moon Well
09:47 Tree of Eternity
14:21 Moon Well
20:29 Tree of Life
21:15 Moon Well
25:12 Ancient of Wind
25:14 Ancient of Wind
27:43 Moon Well
41:36 Tree of Life
41:45 Tree of Life
team 2 (winner)
iggy_the_fisk (
yellow | 54 APM | 4289 actions | 79:37)
5 Archmage
3 Blizzard
2 Brilliance Aura
5 Mountain King
3 Storm Bolt
2 Bash
» actions
| Assign group hotkey | 67 | |
| Basic commands | 19 | |
| Build / train | 151 | |
| Enter build submenu | 103 | |
| Enter hero's abilities submenu | 10 | |
| Give item / drop item | 8 | |
| Remove unit from queue | 1 | |
| Right click | 2335 | |
| Select / deselect | 674 | |
| Select group hotkey | 613 | |
| Use ability | 307 | |
4289 total
» units
| Peasant | 29 | |
| Dragonhawk Rider | 12 | |
| Goblin Zeppelin | 1 | |
| Goblin Shredder | 1 | |
| Priest | 2 | |
45 total
» upgrades
| Masonry | 3 | |
| Lumber Harvesting | 2 | |
| Magic Sentry | 1 | |
| Animal War Training | 1 | |
| Armor | 3 | |
| Swords | 4 | |
| Cloud | 1 | |
| Priest Training | 2 | |
17 total
» buildings
| Altar of Kings | 2 | |
| Farm | 15 | |
| Lumber Mill | 2 | |
| Scout Tower | 94 | |
| Arcane Tower | 6 | |
| Arcane Vault | 2 | |
| Guard Tower | 49 | |
| Keep | 2 | |
| Castle | 2 | |
| Gryphon Aviary | 2 | |
| Town Hall | 3 | |
| Arcane Sanctum | 2 | |
| Blacksmith | 2 | |
| Barracks | 1 | |
184 total
» build order
00:27 Altar of Kings
00:35 Farm
00:50 Lumber Mill
01:06 Scout Tower
01:29 Farm
01:33 Arcane Tower
02:10 Scout Tower
02:33 Arcane Vault
02:39 Guard Tower
02:52 Scout Tower
03:26 Guard Tower
03:34 Scout Tower
03:37 Scout Tower
03:40 Scout Tower
03:47 Scout Tower
03:50 Scout Tower
03:53 Scout Tower
04:15 Guard Tower
04:29 Guard Tower
04:35 Scout Tower
04:52 Keep
05:31 Guard Tower
05:36 Scout Tower
06:12 Guard Tower
07:22 Castle
07:31 Farm
07:32 Farm
07:37 Scout Tower
07:38 Scout Tower
07:53 Farm
08:11 Gryphon Aviary
08:52 Town Hall
08:52 Arcane Tower
08:53 Guard Tower
08:55 Scout Tower
08:56 Scout Tower
08:58 Scout Tower
09:11 Guard Tower
09:16 Scout Tower
09:17 Scout Tower
09:34 Castle
09:47 Scout Tower
09:50 Guard Tower
09:51 Scout Tower
11:22 Guard Tower
11:41 Guard Tower
11:46 Scout Tower
11:50 Scout Tower
12:27 Guard Tower
12:35 Scout Tower
12:37 Scout Tower
12:40 Guard Tower
12:49 Arcane Sanctum
14:06 Guard Tower
14:08 Scout Tower
14:09 Scout Tower
14:14 Farm
14:53 Guard Tower
15:48 Guard Tower
15:52 Scout Tower
16:15 Blacksmith
16:19 Barracks
16:26 Guard Tower
19:55 Farm
19:58 Farm
21:42 Town Hall
21:44 Gryphon Aviary
21:52 Arcane Vault
21:56 Scout Tower
21:57 Scout Tower
22:02 Scout Tower
22:03 Scout Tower
22:04 Scout Tower
22:04 Scout Tower
22:46 Lumber Mill
22:49 Arcane Tower
23:14 Farm
23:15 Farm
23:16 Farm
23:17 Farm
23:58 Scout Tower
24:01 Scout Tower
24:01 Scout Tower
24:03 Scout Tower
24:08 Guard Tower
24:11 Scout Tower
24:12 Scout Tower
24:13 Scout Tower
24:14 Scout Tower
24:15 Scout Tower
24:16 Scout Tower
25:00 Arcane Tower
25:01 Guard Tower
25:27 Guard Tower
25:30 Scout Tower
25:31 Scout Tower
25:35 Guard Tower
25:39 Farm
25:40 Farm
26:04 Guard Tower
26:13 Guard Tower
26:22 Scout Tower
26:23 Scout Tower
26:24 Scout Tower
26:26 Guard Tower
26:40 Guard Tower
26:41 Scout Tower
26:42 Scout Tower
26:44 Scout Tower
26:44 Scout Tower
26:47 Scout Tower
26:48 Scout Tower
26:48 Scout Tower
26:49 Scout Tower
26:58 Guard Tower
27:01 Scout Tower
27:02 Scout Tower
27:03 Scout Tower
27:03 Scout Tower
27:06 Farm
27:09 Scout Tower
27:10 Scout Tower
28:29 Guard Tower
29:05 Guard Tower
29:30 Guard Tower
29:56 Guard Tower
30:22 Keep
30:39 Guard Tower
31:54 Guard Tower
33:32 Scout Tower
34:24 Altar of Kings
34:27 Guard Tower
34:31 Scout Tower
34:33 Scout Tower
35:35 Castle
35:37 Guard Tower
36:48 Scout Tower
36:49 Scout Tower
38:33 Guard Tower
38:37 Scout Tower
38:38 Scout Tower
38:39 Scout Tower
38:40 Scout Tower
38:40 Scout Tower
38:41 Scout Tower
40:08 Guard Tower
40:56 Scout Tower
40:58 Scout Tower
41:02 Scout Tower
41:03 Scout Tower
41:10 Guard Tower
41:12 Blacksmith
41:29 Guard Tower
41:32 Guard Tower
41:37 Scout Tower
41:38 Scout Tower
41:39 Scout Tower
41:40 Scout Tower
41:59 Guard Tower
42:05 Guard Tower
42:27 Scout Tower
42:35 Scout Tower
42:50 Guard Tower
43:26 Guard Tower
43:52 Scout Tower
44:45 Guard Tower
44:49 Scout Tower
44:51 Scout Tower
44:51 Scout Tower
45:40 Guard Tower
46:12 Guard Tower
46:19 Scout Tower
46:23 Scout Tower
46:24 Scout Tower
47:26 Scout Tower
47:30 Scout Tower
47:33 Arcane Tower
47:59 Guard Tower
49:12 Guard Tower
49:17 Scout Tower
49:56 Arcane Tower
50:06 Scout Tower
50:40 Guard Tower
52:16 Arcane Sanctum
71:39 Town Hall
» items
| Ivory Tower | 3 | |
| Scroll of Regeneration | 5 | |
| Lesser Clarity Potion | 1 | |
| Staff of Sanctuary | 1 | |
| Boots of Speed | 2 | |
| Staff of Teleportation | 2 | |
| Scroll of Town Portal | 3 | |
17 total

»
M.ata (
orange | 66 APM | 5293 actions | 79:39)
6 Death Knight
3 Death Coil
2 Unholy Aura
1 Animate Dead
6 Lich
3 Frost Nova
2 Frost Armor
1 Death and Decay
» actions
| Assign group hotkey | 452 | |
| Basic commands | 28 | |
| Build / train | 137 | |
| Enter build submenu | 81 | |
| Enter hero's abilities submenu | 12 | |
| Give item / drop item | 11 | |
| Remove unit from queue | 4 | |
| Right click | 2271 | |
| Select / deselect | 1793 | |
| Select group hotkey | 217 | |
| Use ability | 286 | |
5293 total
» units
| Acolyte | 20 | |
| Ghoul | 16 | |
| Goblin Zeppelin | 5 | |
| Obsidian Statue | 2 | |
| Frost Wyrm | 3 | |
46 total
» upgrades
| Ghoul Frenzy | 1 | |
| Stone Form | 1 | |
| Web | 1 | |
| Burrow | 1 | |
| Cannibalize | 1 | |
| Creature Attack | 1 | |
| Creature Carapace | 1 | |
| Destroyer Form | 1 | |
8 total
» buildings
| Altar of Darkness | 2 | |
| Ziggurat | 42 | |
| Crypt | 2 | |
| Tomb of Relics | 3 | |
| Halls of the Dead | 3 | |
| Graveyard | 1 | |
| Necropolis | 4 | |
| Black Citadel | 2 | |
| Nerubian Tower | 12 | |
| Spirit Tower | 28 | |
| Sacrificial Pit | 3 | |
| Boneyard | 1 | |
| Slaughterhouse | 1 | |
104 total
» build order
00:06 Altar of Darkness
00:08 Ziggurat
00:24 Crypt
00:53 Tomb of Relics
00:58 Tomb of Relics
01:16 Ziggurat
03:54 Ziggurat
05:00 Ziggurat
05:01 Ziggurat
05:04 Ziggurat
05:05 Ziggurat
06:27 Halls of the Dead
06:27 Halls of the Dead
06:50 Graveyard
08:26 Necropolis
09:12 Black Citadel
10:03 Nerubian Tower
10:13 Necropolis
11:57 Necropolis
12:36 Ziggurat
12:38 Ziggurat
12:45 Ziggurat
12:47 Ziggurat
13:25 Ziggurat
13:34 Nerubian Tower
13:34 Nerubian Tower
13:54 Nerubian Tower
13:54 Nerubian Tower
13:54 Spirit Tower
13:57 Ziggurat
13:59 Ziggurat
14:16 Ziggurat
14:17 Ziggurat
14:18 Ziggurat
14:19 Ziggurat
14:20 Ziggurat
14:30 Ziggurat
14:32 Ziggurat
14:37 Ziggurat
14:38 Ziggurat
15:04 Spirit Tower
15:04 Spirit Tower
15:08 Nerubian Tower
15:09 Nerubian Tower
15:10 Spirit Tower
15:10 Spirit Tower
15:11 Spirit Tower
15:11 Spirit Tower
15:12 Spirit Tower
15:12 Spirit Tower
15:13 Spirit Tower
16:38 Ziggurat
16:39 Ziggurat
16:39 Ziggurat
16:42 Ziggurat
16:43 Ziggurat
16:45 Ziggurat
17:16 Spirit Tower
17:16 Spirit Tower
17:24 Ziggurat
17:28 Ziggurat
17:29 Ziggurat
17:35 Spirit Tower
17:36 Spirit Tower
17:49 Spirit Tower
17:49 Spirit Tower
18:45 Nerubian Tower
18:45 Nerubian Tower
18:47 Necropolis
18:53 Ziggurat
18:53 Ziggurat
18:57 Ziggurat
20:41 Spirit Tower
20:41 Spirit Tower
20:43 Ziggurat
20:44 Ziggurat
20:56 Tomb of Relics
21:56 Sacrificial Pit
22:50 Spirit Tower
22:50 Spirit Tower
23:02 Ziggurat
23:04 Ziggurat
23:10 Halls of the Dead
24:06 Boneyard
24:14 Slaughterhouse
24:17 Nerubian Tower
27:37 Halls of the Dead
27:53 Altar of Darkness
29:12 Crypt
29:14 Ziggurat
29:15 Ziggurat
29:16 Ziggurat
34:30 Black Citadel
39:43 Sacrificial Pit
48:51 Sacrificial Pit
» items
| Rod of Necromancy | 1 | |
| Potion of Healing | 2 | |
| Scroll of Town Portal | 4 | |
| Orb of Corruption | 2 | |
| Staff of Sanctuary | 2 | |
| Staff of Teleportation | 2 | |
13 total
nutsonyochin.de (
green | 46 APM | 3625 actions | 79:37)
4 Archmage
2 Blizzard
2 Brilliance Aura
4 Mountain King
2 Storm Bolt
2 Bash
» actions
| Assign group hotkey | 27 | |
| Basic commands | 87 | |
| Build / train | 174 | |
| ESC pressed | 1 | |
| Enter build submenu | 126 | |
| Enter hero's abilities submenu | 8 | |
| Give item / drop item | 1 | |
| Right click | 1686 | |
| Select / deselect | 569 | |
| Select group hotkey | 697 | |
| Use ability | 249 | |
3625 total
» units
| Peasant | 18 | |
| Goblin Zeppelin | 2 | |
| Flying Machine | 63 | |
| Siege Engine | 5 | |
88 total
» upgrades
| Masonry | 3 | |
| Gunpowder | 3 | |
| Magic Sentry | 1 | |
| Barrage | 1 | |
| Flak Cannons | 1 | |
| Plating | 3 | |
| Armor | 1 | |
| Lumber Harvesting | 2 | |
| Flying Machine Bombs | 1 | |
| Backpack | 1 | |
| Flare | 1 | |
| Fragmentation Shards | 1 | |
19 total
» buildings
| Altar of Kings | 2 | |
| Farm | 22 | |
| Lumber Mill | 3 | |
| Scout Tower | 100 | |
| Arcane Tower | 6 | |
| Guard Tower | 37 | |
| Town Hall | 2 | |
| Keep | 2 | |
| Castle | 2 | |
| Arcane Sanctum | 1 | |
| Blacksmith | 4 | |
| Workshop | 3 | |
| Arcane Vault | 2 | |
186 total
» build order
00:10 Altar of Kings
00:20 Farm
00:38 Farm
00:41 Lumber Mill
00:47 Lumber Mill
01:13 Scout Tower
01:28 Scout Tower
01:56 Arcane Tower
01:56 Arcane Tower
01:56 Arcane Tower
01:57 Arcane Tower
02:05 Scout Tower
02:20 Arcane Tower
02:45 Guard Tower
02:48 Scout Tower
02:49 Scout Tower
02:53 Scout Tower
03:40 Guard Tower
03:41 Scout Tower
03:47 Scout Tower
03:54 Scout Tower
04:06 Scout Tower
04:06 Scout Tower
04:13 Guard Tower
04:21 Farm
04:57 Scout Tower
05:05 Scout Tower
05:14 Scout Tower
05:15 Scout Tower
05:18 Guard Tower
05:29 Guard Tower
05:35 Guard Tower
05:39 Scout Tower
05:40 Scout Tower
05:43 Guard Tower
05:47 Guard Tower
05:49 Town Hall
05:59 Farm
06:05 Scout Tower
06:09 Scout Tower
06:11 Scout Tower
06:13 Scout Tower
06:15 Scout Tower
06:26 Scout Tower
06:27 Scout Tower
06:36 Guard Tower
06:55 Scout Tower
06:56 Scout Tower
06:59 Keep
07:01 Guard Tower
07:09 Guard Tower
07:25 Guard Tower
07:28 Scout Tower
07:30 Scout Tower
07:41 Guard Tower
07:46 Guard Tower
07:55 Guard Tower
08:16 Scout Tower
08:23 Guard Tower
08:24 Scout Tower
08:28 Scout Tower
08:43 Scout Tower
08:44 Scout Tower
08:45 Scout Tower
08:46 Scout Tower
08:49 Guard Tower
08:51 Scout Tower
08:52 Scout Tower
08:52 Scout Tower
09:05 Scout Tower
09:06 Guard Tower
09:14 Guard Tower
09:18 Scout Tower
09:35 Guard Tower
09:38 Scout Tower
09:41 Scout Tower
09:42 Scout Tower
09:51 Guard Tower
10:01 Guard Tower
10:16 Guard Tower
10:19 Scout Tower
10:27 Guard Tower
10:34 Guard Tower
11:40 Guard Tower
11:45 Scout Tower
11:46 Scout Tower
11:47 Scout Tower
11:47 Scout Tower
11:48 Scout Tower
11:49 Scout Tower
12:08 Castle
12:13 Arcane Sanctum
12:38 Blacksmith
12:44 Blacksmith
12:45 Blacksmith
14:13 Workshop
16:26 Farm
16:28 Farm
16:30 Farm
17:21 Arcane Vault
22:14 Town Hall
22:16 Workshop
22:19 Arcane Vault
22:25 Farm
22:27 Farm
22:29 Farm
22:34 Farm
23:34 Scout Tower
23:34 Scout Tower
23:35 Scout Tower
23:36 Scout Tower
23:56 Farm
24:01 Farm
24:29 Guard Tower
24:31 Scout Tower
24:31 Scout Tower
24:32 Scout Tower
24:33 Scout Tower
24:34 Scout Tower
24:34 Scout Tower
24:35 Scout Tower
24:36 Scout Tower
25:36 Guard Tower
25:53 Guard Tower
26:22 Guard Tower
26:26 Scout Tower
26:28 Scout Tower
26:29 Scout Tower
26:30 Scout Tower
26:30 Scout Tower
26:31 Scout Tower
26:31 Scout Tower
27:06 Guard Tower
28:01 Guard Tower
28:04 Scout Tower
28:05 Scout Tower
28:06 Scout Tower
28:11 Scout Tower
28:12 Scout Tower
29:55 Farm
29:57 Farm
30:02 Altar of Kings
32:53 Lumber Mill
33:00 Keep
33:35 Farm
33:36 Farm
33:37 Farm
34:19 Guard Tower
34:57 Farm
35:00 Farm
36:28 Farm
36:30 Farm
37:44 Castle
40:02 Scout Tower
40:03 Scout Tower
40:06 Scout Tower
40:06 Scout Tower
41:29 Guard Tower
42:29 Scout Tower
42:30 Scout Tower
42:31 Scout Tower
45:24 Guard Tower
49:22 Scout Tower
49:23 Scout Tower
49:24 Scout Tower
49:24 Scout Tower
49:25 Scout Tower
49:26 Scout Tower
50:15 Guard Tower
53:22 Guard Tower
55:20 Scout Tower
55:21 Scout Tower
55:22 Scout Tower
55:22 Scout Tower
55:24 Scout Tower
55:36 Scout Tower
56:04 Scout Tower
56:07 Scout Tower
56:08 Scout Tower
56:18 Scout Tower
56:18 Scout Tower
56:20 Scout Tower
56:40 Scout Tower
57:12 Arcane Tower
60:34 Blacksmith
61:27 Workshop
» items
| Staff of Teleportation | 2 | |
| Boots of Speed | 2 | |
| Scroll of Regeneration | 1 | |
| Potion of Healing | 1 | |
| Orb of Corruption | 2 | |
| Staff of Sanctuary | 2 | |
10 total
Chat log
(10:24 / Allies) nutsonyochin.de: wood
(46:31 / All) iggy_the_fisk: gay...
(46:44 / All) iggy_the_fisk: Only win with hacks
(46:54 / All) assurancetourix: gay you lol only def it is not def tower game
(47:00 / All) iggy_the_fisk: i try build hall can't build
(47:00 / All) assurancetourix: hack ?
(47:02 / All) iggy_the_fisk: gay hackers
(47:17 / All) iggy_the_fisk: all game build hall no it can't build
(47:27 / All) assurancetourix: gay tower def lol you select bad map tower def azur is another map gay guy
(47:36 / All) nutsonyochin.de: wtf you hackin me
(47:39 / All) iggy_the_fisk: we win if i can build hall...
(47:41 / All) nutsonyochin.de: therre something blocking my building
(47:43 / All) iggy_the_fisk: but you have nobuild hack
(47:45 / All) assurancetourix: so win
(47:51 / All) assurancetourix: hack ?
(48:18 / All) iggy_the_fisk: Hack more... can't build
(48:21 / All) assurancetourix: you will pass replay you will see that you dint nothing but making toiwer so how can you wiin
(48:22 / All) iggy_the_fisk: hauker
(48:32 / All) iggy_the_fisk: i can win if i can build hall next to mine but no u hack
(48:36 / All) iggy_the_fisk: says cant bild
(48:54 / All) iggy_the_fisk: have to go long way get no gold.. fu hacker
(50:46 / All) assurancetourix: avec les chimeres
(51:04 / All) nutsonyochin.de: i think i had a crab blocking me
(51:05 / All) assurancetourix: on peut pas aller la bas avec les zep sinon on meur en route
(51:06 / All) nutsonyochin.de: fromb uilding
(51:08 / All) nutsonyochin.de: that was it
(51:11 / All) nutsonyochin.de: le crab...
(51:31 / All) iggy_the_fisk: crab belongs in the street... not blocking my gold
(55:49 / All) iggy_the_fisk: LOL more hack
(55:54 / All) iggy_the_fisk: kill own unit? No we kill unit
(55:55 / All) iggy_the_fisk: cheat
(68:37 / All) assurancetourix: and you could build lol
(68:42 / All) M.ata: yes noob
(68:47 / All) M.ata: owned?
(68:50 / All) M.ata: ya owned
(68:57 / All) assurancetourix: you noob
(69:04 / All) assurancetourix: 1h30 to make tower
(69:09 / All) M.ata: 1h30 to lose
(69:13 / All) M.ata: for u?
(69:15 / All) assurancetourix: and moretheless you lies
(69:17 / All) M.ata: yayayaya
(70:36 / All) M.ata: L@L
(72:38 / All) M.ata: run noobs
(72:54 / All) assurancetourix: run yourself
(73:03 / All) iggy_the_fisk: why you not mine this...
(73:06 / All) iggy_the_fisk: now we get gold..
(73:07 / All) iggy_the_fisk: and win...
(73:09 / All) M.ata: yellow took your expo, tell me how you feel about that?
(73:12 / All) assurancetourix: tower def azur next map please we don t need players like you on bnet
(73:31 / All) assurancetourix: why not getting tower azur map
(73:37 / All) assurancetourix: and stop telling lies
(76:00 / All) iggy_the_fisk: No hack next time..
(76:03 / All) iggy_the_fisk: Play a fair game.. plz...
(76:10 / All) M.ata: + manner up
(76:13 / All) M.ata: mebbe?
(79:34 / All) assurancetourix: you will never gain a real game there is time limit gay men